 Dungeon Crawl Stone Soup version 0.22-a0-608-g8a62e23 (webtiles) character file.

1669 corax the Magician (level 8, -1/54 HPs)
             Began as a Mummy Fire Elementalist on July 9, 2018.
             Was an Initiate of Gozag.
             Slain by a centaur (9 damage)
             ... on level 7 of the Dungeon.
             The game lasted 00:38:42 (10649 turns).

corax the Magician (Mummy Fire Elementalist)       Turns: 10649, Time: 00:38:44

Health: -1/54      AC:  2    Str: 11    XL:     8   Next: 69%
Magic:  13/16      EV: 13    Int: 17    God:    Gozag
Gold:   310        SH:  3    Dex: 12    Spells: 12/18 levels left

rFire    x x .     SeeInvis .   w - +0 shortbow
rCold    + + .     Gourm    .   (shield currently unavailable)
rNeg     + + +     Faith    .   f - +0 robe
rPois    ∞         Spirit   .   (no helmet)
rElec    .         Reflect  +   (no cloak)
rCorr    .         Harm     .   (no gloves)
MR       +....                  (no boots)
Stlth    +++.......             g - +3 amulet of reflection
HPRegen  0.18/turn              d - ring of wizardry
MPRegen  0.15/turn              k - ring of ice

@: no status effects
A: no food or potions, fire vulnerability, cold resistance 1, negative energy
resistance 3, torment resistance, unbreathing
a: Potion Petition, Call Merchant, Bribe Branch, Renounce Religion


You were on level 7 of the Dungeon.
You worshipped Gozag.
Gozag was aware of your devotion.
You were not hungry.

You visited 2 branches of the dungeon, and saw 8 of its levels.

You collected 410 gold pieces.
You paid 100 gold pieces to Gozag.

Inventory:

Hand Weapons
 a - a +0 blowgun
 w - a +0 shortbow (weapon)
Missiles
 b - 88 sling bullets
 c - 193 stones
 i - 3 curare-tipped needles
 l - 71 arrows (quivered)
 p - 23 poisoned needles
Armour
 f - a +0 robe (worn)
Jewellery
 d - a ring of wizardry (left hand)
 g - a +3 amulet of reflection (around neck)
 k - a ring of ice (right hand)
 m - a +2 ring of intelligence {unknown}
 s - a cursed ring of teleportation {unknown}
 u - an uncursed ring of protection from cold {unknown}
Wands
 r - a wand of acid (13)
 t - a wand of flame (28)
Scrolls
 e - 5 scrolls of identify {unknown}
 h - a scroll of blinking {unknown}
 j - 4 scrolls of magic mapping {unknown}
 n - 3 scrolls of teleportation {unknown}
 o - a scroll of enchant armour {unknown}
 q - 4 scrolls of remove curse {unknown}
 v - a scroll of vulnerability {unknown}


   Skills:
 - Level 1.1 Fighting
 + Level 0.2 Bows
 + Level 3.4 Throwing
 + Level 3.9 Dodging
 + Level 4.2 Stealth
 - Level 1.0 Unarmed Combat
 + Level 5.9 Spellcasting
 + Level 3.6 Conjurations
 + Level 4.3 Fire Magic


You had 12 spell levels left.
You knew the following spells:

 Your Spells              Type           Power        Failure   Level  Hunger
a - Flame Tongue          Conj/Fire      ###..        1%          1    N/A
b - Conjure Flame         Conj/Fire      ###.....     3%          3    N/A
c - Throw Flame           Conj/Fire      ###...       1%          2    N/A

Your spell library contained the following spells:

 Spells                   Type           Power        Failure   Level  Hunger
 Fireball                 Conj/Fire      ###.......   26%         5    N/A
 Sticky Flame             Conj/Fire      ###.....     11%         4    N/A
 Inner Flame              Hex/Fire       ##......     6%          3    N/A

Dungeon Overview and Level Annotations

Branches:
Dungeon (7/15)             Temple (1/1) D:6

Altars:
Ashenzari
Cheibriados
Dithmenos
Fedhas
Gozag
Hepliaklqana
Kikubaaqudgha
Makhleb
Nemelex Xobeh
Okawaru
Qazlal
Ru
Trog
Uskayaw
Vehumet
Wu Jian
Xom
Yredelemnul
Zin
The Shining One

Shops:
D:6 !


Innate Abilities, Weirdness & Mutations

You do not eat or drink.
Your flesh is vulnerable to fire.
You are immune to poison.
Your flesh is cold resistant. (rC+)
You are immune to negative energy. (rN+++)
You are immune to unholy pain and torment.
You can survive without breathing.


Message History

Confirm with . or Enter, or press ? or * to list all spells.
Aiming: Flame Tongue (safe; 1% risk of failure)
Press: ? - help, Shift-Dir - straight line, f/p - orc
Aim: an orc, wielding a trident (moderately wounded)
The flame tongue hits the orc.
The orc is severely wounded.
The orc hits you from afar with a trident.
The centaur hits you!
Casting: Flame Tongue (safe; 1% risk of failure)
Confirm with . or Enter, or press ? or * to list all spells.
Aiming: Flame Tongue (safe; 1% risk of failure)
Press: ? - help, Shift-Dir - straight line, f/p - orc
Aim: an orc, wielding a trident (severely wounded)
The flame tongue misses the orc.
The centaur hits you!
* * * LOW HITPOINT WARNING * * *
The orc hits you but does no damage.
An orc priest comes into view. It is wielding a flail.
The centaur hits you!
You die...
Your body crumbles into a pile of gold.

##########
.........#
....<....#
.........#
.........#
....%....# $
.......<.# .
........(####....
.......o.@c......
####.########..o.
#. o #


You could see a centaur, 2 orc priests and an orc.

Vanquished Creatures
  An ice beast (D:6)
  3 ogres
  A centaur (D:6)
  2 bullfrogs (D:6)
  6 scorpions
  A bullfrog zombie (D:5)
  3 jellies
  3 hounds
  An orc wizard (D:6)
  6 worker ants
  A howler monkey zombie (D:5)
  14 adders
  10 gnolls
  A howler monkey skeleton (D:6)
  8 oozes (D:2)
  An adder skeleton (D:4)
  11 worms
  4 dart slugs
  4 leopard geckos
  8 orcs
  3 ball pythons
  6 giant cockroaches
  6 goblins
  7 hobgoblins
  A jackal (D:5)
  3 quokkas (D:3)
  15 bats
  8 frilled lizards
  14 kobolds
  2 leopard gecko skeletons (D:4)
  5 rats
159 creatures vanquished.

Vanquished Creatures (others)
  An orc (D:4)
  14 fungi (D:4)
  8 toadstools (D:2)
23 creatures vanquished.

Grand Total: 182 creatures vanquished

Notes
Turn   | Place    | Note
-------+----------+-------------------------------------------
     0 | D:1      | corax the Mummy Fire Elementalist began the quest for the Orb.
     0 | D:1      | Reached XP level 1. HP: 13/13 MP: 4/4
   223 | D:1      | Reached skill level 1 in Conjurations
   296 | D:1      | Reached XP level 2. HP: 19/19 MP: 2/5
   809 | D:2      | Reached skill level 3 in Spellcasting
   921 | D:2      | Reached XP level 3. HP: 19/24 MP: 4/7
   924 | D:2      | Reached skill level 1 in Throwing
  1238 | D:3      | Learned a level 3 spell: Conjure Flame
  1449 | D:3      | Reached XP level 4. HP: 29/30 MP: 0/8
  1619 | D:3      | Learned a level 2 spell: Throw Flame
  3229 | D:2      | Reached XP level 5. HP: 23/35 MP: 1/10
  4636 | D:2      | Reached skill level 4 in Spellcasting
  4757 | D:2      | Reached XP level 6. HP: 41/41 MP: 5/12
  5407 | D:4      | Found a stormy altar of Qazlal.
  5653 | D:4      | Found a hide-covered altar of Uskayaw.
  6048 | D:4      | Found an iron altar of Okawaru.
  6135 | D:4      | Reached XP level 7. HP: 35/46 MP: 5/13
  6814 | D:5      | Entered Level 5 of the Dungeon
  7774 | D:5      | Reached skill level 1 in Fighting
  7774 | D:5      | Reached skill level 1 in Unarmed Combat
  7774 | D:5      | Reached skill level 5 in Spellcasting
  8048 | D:5      | Reached XP level 8. HP: 54/54 MP: 6/15
  8146 | D:5      | Found a radiant altar of Vehumet.
  8927 | D:5      | Found a burning altar of Makhleb.
  9525 | D:6      | Found Yruloj Ixup's Distillery.
  9534 | D:6      | Found a staircase to the Ecumenical Temple.
  9543 | Temple   | Entered the Ecumenical Temple
  9580 | Temple   | Became a worshipper of Gozag Ym Sagoz the Greedy
  9668 | D:6      | Found a basalt altar of Yredelemnul.
  9671 | D:6      | Noticed a profane servitor
  9676 | D:6      | Found a glowing golden altar of the Shining One.
  9678 | D:6      | Noticed an angel
 10649 | D:7      | Slain by a centaur

Vault maps used:
D:1:      dpeg_arrival_tiny_j
D:2:      cheibrodos_fertilizer, first_ration, kennysheep_generic_room_6
D:3:      kennysheep_generic_room_4
D:4:      old_forge, nicolae_qazlal_general_emergency,
          okawaru_altar_gauntlet_db, eat_drink_and_be_merry_uskayaw
D:5:      marbit_many_paths, vehumet_altar_wand_db
D:6:      grunt_temple_overflow_holy_war, minmay_temple_entry_overgrown,
          serial_shops, shop_statue, serial_park_tiny_1
D:7:      uniq_menkaure
Temple:   cyrus_circular_temple

Skill      XL: |  1  2  3  4  5  6  7  8 |
---------------+-------------------------+-----
Conjurations   | 1 2 3 |  3.6
Spellcasting   | 3 4 5 |  5.9
Throwing       | 1 2 3 |  3.4
Dodging        | 2 3 |  3.9
Stealth        | 2 3 4 |  4.2
Fire Magic     | 3 4 |  4.3
Fighting       | 1 |  1.1
Unarmed Combat | 1 |  1.0
Bows           | |  0.2

Action                   |  1- 3 |  4- 6 |  7- 9 || total
-------------------------+-------+-------+-------++-------
Melee: Unarmed           |     1 |    56 |    43 ||   100
 Fire: Blowgun           |       |     1 |     1 ||     2
       Shortbow          |       |       |    83 ||    83
Throw: Stone             |    24 |    12 |     8 ||    44
       Tomahawk          |     5 |       |       ||     5
 Cast: Flame Tongue      |    52 |    97 |   111 ||   260
       Throw Flame       |       |    78 |    87 ||   165
       Conjure Flame     |       |    10 |     6 ||    16
Invok: Potion Petition   |       |       |     1 ||     1
Armor: Robe              |     4 |    14 |    31 ||    49
Dodge: Dodged            |    15 |    58 |   109 ||   182
Block: Other             |       |    10 |    20 ||    30
       Reflection        |       |     3 |       ||     3

Table legend:
 A = Spawn XP
 B = Non-spawn XP
 C = Spawn XP percentage of total XP
 D = Spawn monster count
 E = Non-spawn monster count
 F = Spawn count percentage of total count
 G = Total turns spent on level
                    A         B        C        D         E        F      G
               +---------+---------+-------+---------+---------+-------+---------
         Total |       0 |    2385 |   0.0 |       0 |     160 |   0.0 | 10649
               +---------+---------+-------+---------+---------+-------+---------
           D:1 |       0 |      18 |   0.0 |       0 |      11 |   0.0 |   924
           D:2 |       0 |     303 |   0.0 |       0 |      47 |   0.0 |  2031
           D:3 |       0 |     113 |   0.0 |       0 |      28 |   0.0 |  2085
           D:4 |       0 |     613 |   0.0 |       0 |      32 |   0.0 |  1942
           D:5 |       0 |     569 |   0.0 |       0 |      25 |   0.0 |  2168
           D:6 |       0 |     769 |   0.0 |       0 |      17 |   0.0 |  1440
               +---------+---------+-------+---------+---------+-------+---------
